 Dungeon Crawl Stone Soup version 0.21-a0-630-g344d351 (webtiles) character file.

908 Curus the Cleaver (level 8, -9/64 HPs)
             Began as a Hill Orc Abyssal Knight on Dec 26, 2017.
             Was an Elder of Lugonu.
             Mangled by an ice beast (14 damage)
             ... on level 5 of the Dungeon.
             The game lasted 00:41:02 (4949 turns).

Curus the Cleaver (Hill Orc Abyssal Knight)         Turns: 4949, Time: 00:41:03

Health: -9/64      AC:  9    Str: 15    XL:     8   Next: 8%
Magic:  14/14      EV:  6    Int: 10    God:    Lugonu [****..]
Gold:   269        SH:  3    Dex: 14    Spells: 7/7 levels left

rFire    . . .     SeeInvis .   a - +1 hand axe
rCold    . . .     Gourm    .   (no shield)
rNeg     . . .     Faith    .   j - +0 chain mail
rPois    .         Spirit   .   (no helmet)
rElec    .         Reflect  +   (no cloak)
rCorr    .         Harm     .   d - +0 pair of gloves
MR       .....                  (no boots)
Stlth    ..........             n - +3 amulet of reflection
HPRegen  0.20/turn              (no ring)
MPRegen  0.14/turn              (no ring)

@: no status effects
A: agile 1, blurry vision 1, dopey 1, screaming 1
a: Depart the Abyss, Bend Space, Banish, Corrupt, Renounce Religion


You were on level 5 of the Dungeon.
You worshipped Lugonu.
Lugonu was greatly pleased with you.
You were hungry.

You visited 1 branch of the dungeon, and saw 5 of its levels.
You visited the Abyss 1 time.

You collected 269 gold pieces.

Inventory:

Hand Weapons
 a - a +1 hand axe (weapon)
Armour
 b - a +0 leather armour
 d - a +0 pair of gloves (worn)
 e - a +0 ring mail
 j - a +0 chain mail (worn)
Jewellery
 n - a +3 amulet of reflection (around neck)
Wands
 k - a wand of iceblast (9)
Scrolls
 g - 2 scrolls of identify
 i - a scroll of remove curse
 l - 3 scrolls of teleportation
Potions
 f - 2 potions of haste
 h - a potion of curing
 m - a potion of ambrosia
Comestibles
 c - 8 rations


   Skills:
 - Level 3.6 Fighting
 + Level 8.7 Axes
 - Level 2.1 Armour
 - Level 0.7 Dodging
 + Level 8.6 Invocations


You had 7 spell levels left.
You didn't know any spells.

Dungeon Overview and Level Annotations

Branches:
Dungeon (5/15)
 Temple: D:4-7

Altars:
Dithmenos
Fedhas
Hepliaklqana
Ru
Sif Muna
Yredelemnul
The Shining One

Annotations:
Abyss:1 Grinder


Innate Abilities, Weirdness & Mutations

You are agile. (Dex +2)
Scrolls take you a little longer to read.
You are dopey. (Int -2)
You occasionally shout uncontrollably at your foes.


Message History

You slash the ice beast!
The ice beast is severely wounded.
The ice beast completely misses you.
You hit the ice beast but do no damage.
The ice beast is severely wounded.
You closely miss the ice beast.
The ice beast is severely wounded.
The ice beast barely misses you.
You hit the ice beast but do no damage.
The ice beast is severely wounded.
The ice beast hits you.
* * * LOW HITPOINT WARNING * * *
The ice beast freezes you!
* * * LOW HITPOINT WARNING * * *
You hit the ice beast.
The ice beast is severely wounded.
The ice beast hits you.
* * * LOW HITPOINT WARNING * * *
The ice beast freezes you!
You die...

#.# #.# ###### #.#
##..... ####.##
#...... #.....#
#...... #.....#
#...... #.....#
####+###+ #.....#
#........ #...@.#
#....<... #..Y..#
#........ #.....#
#........ #.....#
#........ #.......
#........ #........
+........ #.........
###........
#.....................
.[###.......


You could see an ice beast.

Vanquished Creatures
  A phantom (D:3)
  A centaur (D:5)
  A bullfrog (D:5)
  2 scorpions
  A howler monkey (D:4)
  2 crimson imps
  2 hounds (D:4)
  Jessica (D:3)
  An iguana (D:4)
  2 worker ants (D:4)
  A hound skeleton (D:4)
  8 adders
  An ooze (D:1)
  An adder skeleton (D:5)
  5 worms
  4 dart slugs
  6 leopard geckos
  7 orcs
  A ball python (D:1)
  4 giant cockroaches
  8 goblins
  8 hobgoblins
  4 jackals (D:3)
  14 kobolds
  2 quokkas (D:2)
  2 ball python skeletons (D:4)
  8 bats
  6 frilled lizards
  A giant cockroach zombie (D:4)
  11 rats
  A spectral orc (D:4)
117 creatures vanquished.

Vanquished Creatures (others)
  2 plants (D:1)
2 creatures vanquished.

Grand Total: 119 creatures vanquished

Notes
Turn   | Place    | Note
-------+----------+-------------------------------------------
     0 | Abyss:1  | Curus the Hill Orc Abyssal Knight began the quest for the Orb.
     0 | Abyss:1  | Reached XP level 1. HP: 19/19 MP: 2/2
     9 | Abyss:1  | Found a corrupted altar of Lugonu.
    79 | D:1      | Escaped the Abyss
   189 | D:1      | Reached XP level 2. HP: 23/26 MP: 2/4
   282 | D:1      | Reached ** piety under Lugonu
   891 | D:1      | Reached XP level 3. HP: 26/31 MP: 5/5
  1043 | D:2      | Found a sacrificial altar of Ru.
  1044 | D:2      | Found a hazy altar of Hepliaklqana.
  1044 | D:2      | Found a shadowy altar of Dithmenos.
  1044 | D:2      | Found a glowing golden altar of the Shining One.
  1189 | D:2      | Reached XP level 4. HP: 27/39 MP: 7/7
  1833 | D:3      | Reached skill level 5 in Axes
  1838 | D:3      | Reached *** piety under Lugonu
  1838 | D:3      | Reached XP level 5. HP: 39/45 MP: 8/8
  1896 | D:3      | Reached skill level 5 in Invocations
  2143 | D:3      | Noticed a phantom
  2193 | D:3      | Killed a phantom
  2239 | D:3      | Noticed Jessica
  2239 | D:3      | Reached XP level 6. HP: 31/51 MP: 10/10
  2253 | D:3      | Killed Jessica
  2384 | D:3      | Found a deep blue altar of Sif Muna.
  2469 | D:3      | Gained mutation: Scrolls take you a little longer to read. [potion of mutation]
  2469 | D:3      | Gained mutation: You are dopey. (Int -2) [potion of mutation]
  2469 | D:3      | Gained mutation: You occasionally shout uncontrollably at your foes. [potion of mutation]
  2469 | D:3      | Gained mutation: You are agile. (Dex +2) [potion of mutation]
  2874 | D:4      | Noticed Grinder
  2875 | D:4      | Banished Grinder
  2875 | D:4      | Reached XP level 7. HP: 43/57 MP: 10/12
  3044 | D:4      | Found a basalt altar of Yredelemnul.
  3520 | D:4      | Reached **** piety under Lugonu
  3661 | D:4      | Found a glowing golden altar of the Shining One.
  3877 | D:5      | Entered Level 5 of the Dungeon
  3883 | D:5      | Found a glowing golden altar of the Shining One.
  4620 | D:5      | Found a blossoming altar of Fedhas.
  4640 | D:5      | Reached XP level 8. HP: 18/64 MP: 14/14
  4949 | D:5      | Mangled by an ice beast

Vault maps used:
D:1:      dpeg_arrival_tiny_i, lexackson_kobold_supper
D:2:      grunt_temple_overflow_open, first_ration, kennysheep_generic_room_5
D:3:      lemuel_coloured_pillars_altar, uniq_jessica
D:4:      yredelemnul_forgotten_temple_becter, nicolae_tso_swordbearing_angel,
          uniq_grinder
D:5:      fedhas_bush_and_centaur_altar, basic_altar
Abyss:1:  gammafunk_corrupted_shrine

Skill      XL: |  1  2  3  4  5  6  7 |
---------------+----------------------+-----
Axes           | 3 4 5 7 8 |  8.7
Invocations    | 3 4 5 7 8 |  8.6
Fighting       | |  3.6
Armour         | |  2.1
Dodging        | |  0.7

Action                   |  1- 3 |  4- 6 |  7- 9 || total
-------------------------+-------+-------+-------++-------
Melee: Hand axe          |   100 |   246 |   235 ||   581
Invok: Banish            |       |       |     1 ||     1
  Use: Potion            |     3 |     3 |     5 ||    11
       Scroll            |     1 |     4 |     1 ||     6
  Eat: Chunk             |     1 |     6 |     3 ||    10
       Ration            |       |       |     1 ||     1
Armor: Leather armour    |    15 |       |       ||    15
       Ring mail         |    23 |    75 |       ||    98
       Chain mail        |       |    33 |    82 ||   115
Dodge: Dodged            |    63 |   103 |    58 ||   224
Block: Other             |       |       |     2 ||     2

Table legend:
 A = Spawn XP
 B = Non-spawn XP
 C = Spawn XP percentage of total XP
 D = Spawn monster count
 E = Non-spawn monster count
 F = Spawn count percentage of total count
 G = Total turns spent on level
                    A         B        C        D         E        F      G
               +---------+---------+-------+---------+---------+-------+---------
         Total |       0 |    1298 |   0.0 |       0 |     118 |   0.0 |  4949
               +---------+---------+-------+---------+---------+-------+---------
           D:1 |       0 |      41 |   0.0 |       0 |      22 |   0.0 |  1006
           D:2 |       0 |     105 |   0.0 |       0 |      28 |   0.0 |   757
           D:3 |       0 |     260 |   0.0 |       0 |      38 |   0.0 |   781
           D:4 |       0 |     553 |   0.0 |       0 |      19 |   0.0 |  1280
           D:5 |       0 |     339 |   0.0 |       0 |      11 |   0.0 |  1046
               +---------+---------+-------+---------+---------+-------+---------
